 Dungeon Crawl Stone Soup version 0.29-a0-330-g52719c12eb (webtiles) character file.

Game seed: 7651472875858981547

41 kae the Firebug (level 3, -2/22 HPs)
             Began as an Octopode Fire Elementalist on Apr 18, 2022.
             Succumbed to a scorpion's poison
             ... on level 3 of the Dungeon.
             The game lasted 00:00:56 (2653 turns).

kae the Firebug (Octopode Fire Elementalist)        Turns: 2653, Time: 00:00:56

Health: -2/22      AC:  1    Str:  7    XL:     3   Next: 52%
Magic:  0/6        EV: 13    Int: 25    God:
Gold:   157        SH:  0    Dex: 12    Spells: 0/6 levels left

rFire   . . .      SeeInvis .   (no weapon)
rCold   . . .      Faith    .   (no shield)
rNeg    . . .      Spirit   .   (helmet restricted)
rPois   .          Reflect  .   (no amulet)
rElec   .          Harm     .   g - +6 ring of intelligence
rCorr   .          Rampage  .   (no ring)
Will    .....                   (no ring)
Stlth   +++.......              (no ring)
HPRegen 0.07/turn               (no ring)
MPRegen 0.10/turn               (no ring)
                                (no ring)
                                (no ring)

@: lethally poisoned (-2 -> -21)
A: almost no armour, amphibious, 8 rings, camouflage 1, gelatinous body 1,
(nimble swimmer 1), tentacles
a: no special abilities


You were on level 3 of the Dungeon.
You visited 1 branch of the dungeon, and saw 3 of its levels.

You collected 157 gold pieces.

Inventory:

Jewellery
 g - a +6 ring of intelligence (left tentacle)
Wands
 c - a wand of mindburst (16)
Scrolls
 b - 6 scrolls of teleportation
Potions
 a - a potion of magic
 d - 2 potions of curing {unknown}
 f - a potion of mutation {unknown}
 h - a potion of cancellation {unknown}
 i - a potion of heal wounds {unknown}
 j - a potion of haste {unknown}
 k - 2 potions of invisibility {unknown}


   Skills:
 + Level 0.7 Fighting
 + Level 2.3 Dodging
 + Level 3.1 Stealth
 + Level 2.2 Spellcasting
 + Level 1.3 Conjurations
 * Level 3.6 Fire Magic


You couldn't memorise any spells.
You knew the following spells:

 Your Spells              Type           Power      Damage    Failure   Level
a - Foxfire               Conj/Fire      60%        2x1d7     4%          1
b - Scorch                Fire           40%        2d7       3%          2
c - Conjure Flame         Conj/Fire      15%        6-21      12%         3

Your spell library contained the following spells:

 Spells                   Type           Power      Damage    Failure   Level
 Inner Flame              Hex/Fire       11%        N/A       16%         3
 Flame Wave               Conj/Fire      15%        2d6       36%         4


Dungeon Overview and Level Annotations

Branches:
Dungeon (3/15)

Altars:


Innate Abilities, Weirdness & Mutations

You cannot wear most types of armour.
You are amphibious.
You can wear up to eight rings at the same time.
Your skin changes colour to match your surroundings (Stealth+).
Your rubbery body absorbs attacks. (AC +1, EV +1)
((You are camouflaged when in or above water. (Stealth+)))
You have tentacles for arms and can constrict up to eight enemies at once.


Message History

k - 2 fuming cyan potions As you open the door, it creaks loudly!
A scorpion comes into view.
A scorpion is nearby!
A scorpion is nearby!
You close the door.
As you read the scroll labelled FEFUXO YSIENGONGI, it crumbles to dust.
It is a scroll of amnesia.
Really abort (and waste the scroll)?
Okay, then.
Okay, then.
You open the door.
A scorpion is nearby!
A scorpion is nearby!
A scorpion is nearby!
Casting: Foxfire (safe; 4% risk of failure)
Confirm with . or Enter, or press ? or * to list all spells.
Flames lash the scorpion.
The scorpion is lightly wounded.
The scorpion's fire resistance burns away.
The scorpion closely misses you. The scorpion stings you.
You are poisoned.
The scorpion poisons you!
Casting: Scorch (safe; 3% risk of failure)
Confirm with . or Enter, or press ? or * to list all spells.
Flames lash the scorpion.
The scorpion is burned terribly!
The scorpion is severely wounded.
You feel very sick.
The scorpion stings you but does no damage.
You feel sick. The scorpion closely misses you. x2
Casting: Scorch (safe; 3% risk of failure)
Confirm with . or Enter, or press ? or * to list all spells.
Flames lash the scorpion.
The scorpion is burned terribly!
The scorpion is severely wounded.
You feel sick. The scorpion stings you.
* * * LOW HITPOINT WARNING * * *
You are more poisoned.
The scorpion poisons you!
You die...

######.#.###.#.#########.#.##
#........# #.#.#..........#.#
#.####.#.###.....#######...##
#.#.......### ##.##
#.###.....# #.# #.####....#
#.# #.........# #.#
#######.### #.# #@# #.## #s#
#..# ... ##.# ..... # #.#
....... ##. #.# .........
##...##.## +.........+
.......... #.........#
##...##.## ##. #.#


You could see a scorpion (combustible).

Vanquished Creatures
  2 dart slugs (D:1)
  6 endoplasms
  4 goblins
  4 hobgoblins
  6 kobolds
  2 quokkas (D:1)
  4 ball pythons
  2 frilled lizards (D:1)
  7 rats
37 creatures vanquished.

Vanquished Creatures (others)
  87 foxfires
87 creatures vanquished.

Grand Total: 124 creatures vanquished

Notes
Turn   | Place    | Note
-------+----------+-------------------------------------------
     0 | D:1      | kae the Octopode Fire Elementalist began the quest for the
                  | Orb.
     0 | D:1      | Reached XP level 1. HP: 11/11 MP: 3/3
   129 | D:1      | Reached XP level 2. HP: 17/17 MP: 1/5
   601 | D:1      | Reached XP level 3. HP: 22/22 MP: 4/6
   610 | D:1      | Learned a level 2 spell: Scorch
   614 | D:1      | Learned a level 3 spell: Conjure Flame
  2640 | D:3      | Noticed a scorpion
  2653 | D:3      | Succumbed to a scorpion's poison

Illustrated notes

Levels and vault maps discovered:
D:1:      onia_arrival_mini_spirals, layout_basic
D:2:      layout_loops_ring
D:3:      layout_loops_corners, mainiacjoe_overflow_alcove_2

Skill      XL: |  1  2 |
---------------+-------+-----
Stealth        | 3 |  3.1
Fighting       | |  0.7
Dodging        | |  2.3
Spellcasting   | |  2.2
Conjurations   | |  1.3
Fire Magic     | |  3.6

Action                   || total
-------------------------++-------
Melee: Unarmed           ||    26
       Tentacles         ||     8
       Constrict         ||     7
 Cast: Foxfire           ||    53
       Scorch            ||     8
  Use: Scroll            ||     4
 Stab: Sleeping          ||     2
Armor: Skin              ||     3
Dodge: Dodged            ||    20

Table legend: (Time is in decaauts)
 A = Elapsed time spent in this place.
 B = Non-inter-level travel time spent in this place.
 C = Inter-level travel time spent in this place.
 D = Time resting spent in this place.
 E = Time spent auto-exploring this place.
 F = Levels seen in this place.
 G = Mean time per level.
                   A        B        C        D        E       F      G
               +--------+--------+--------+--------+--------+-----+--------+
         Total |   2653 |   2543 |    110 |      2 |   2275 |   3 |  884.3 |
       Dungeon |   2653 |   2543 |    110 |      2 |   2275 |   3 |  884.3 |
               +--------+--------+--------+--------+--------+-----+--------+

Top non-repeatable levels by time:
     D:1: 1325 daAuts
     D:2: 723 daAuts
     D:3: 604 daAuts
